 Dungeon Crawl Stone Soup version 0.30-a0-1082-g70414cbcbb (webtiles) character file.

Game seed: 10460133001431059380

3963 xian the Cleaver (level 10, -1/88 HPs)
             Began as a Minotaur Gladiator on Apr 15, 2023.
             Was a Plaything of Xom.
             Slain by a hellwing (4 damage)
             ... summoned by Xom
             ... in a bailey.
             The game lasted 00:23:45 (6507 turns).

xian the Cleaver (Minotaur Gladiator)               Turns: 6507, Time: 00:23:46

Health: -1/88      AC: 22    Str: 26    XL:     10   Next: 2%
Magic:  9/9        EV:  9    Int:  8    God:    Xom [......]
Gold:   393        SH:  5    Dex: 10    Spells: 9/9 levels left

rFire   x . .      SeeInvis .    a - +0 war axe
rCold   + . .      Faith    .    (no shield)
rNeg    . . .      Spirit   .    M - +0 plate armour
rPois   .          Reflect  +    c - +0 hat
rElec   .          Rampage  .    e - +1 cloak
rCorr   .                        E - +0 pair of gloves
Will    ++...                    D - +0 pair of boots Stlth
                                 n - amulet of reflection
HPRegen 0.34/turn                y - +4 ring of slaying
MPRegen 0.11/turn                F - ring of ice

@: lethally poisoned (-1 -> -28), flying (expiring)
A: horns 2, retaliatory headbutt, iridescent scales 2, clever 1, strong-willed
2, strong 1, MP-powered wands
a: Renounce Religion


You were in a bailey.
You worshipped Xom.
You were a very special plaything of Xom.
You visited 1 branch of the dungeon, and saw 7 of its levels.
You also visited: Bailey.

You collected 393 gold pieces.

Inventory:

Hand Weapons
 a - a +0 war axe (weapon)
 x - a +2 heavy shortbow
Missiles
 d - 3 throwing nets
 g - 16 boomerangs
 l - 20 stones (quivered)
 w - a javelin
 C - 6 atropa-tipped darts
 H - 3 poisoned darts
Armour
 c - a +0 hat (worn)
 e - a +1 cloak (worn)
 D - a +0 pair of boots (worn)
 E - a +0 pair of gloves (worn)
 M - a +0 plate armour (worn)
Jewellery
 n - an amulet of reflection (around neck)
 y - a +4 ring of slaying (left hand)
 B - a +6 ring of strength
 F - a ring of ice (right hand)
Wands
 J - a wand of flame (17)
 K - a wand of mindburst (4)
Scrolls
 h - 3 scrolls of amnesia
 r - a scroll of enchant armour
 t - a scroll of torment {unknown}
 v - a scroll of poison
 A - a scroll of brand weapon {unknown}
 G - a scroll of fog {unknown}
 I - 5 scrolls of immolation {unknown}
 N - a scroll of butterflies
 O - a scroll of enchant weapon
Potions
 b - 4 potions of degeneration
 f - a potion of lignification
 i - a potion of flight
 j - a potion of haste
 m - 3 potions of brilliance


   Skills:
 + Level 7.8 Fighting
 + Level 11.9 Axes
 + Level 4.0 Throwing
 + Level 7.2 Armour
 + Level 5.9 Dodging
 + Level 1.2 Stealth
 + Level 2.3 Shields


You had 9 spell levels left.
You didn't know any spells.
Your spell library contained the following spells:

 Spells                   Type           Power      Damage    Failure   Level
 Freeze                   Ice            0%         1d3       99%         1
 Blink                    Tloc           0%         N/A       100%        2
 Ensorcelled Hibernation  Hex/Ice        0%         N/A       100%        2
 Lesser Beckoning         Tloc           0%         N/A       100%        2
 Momentum Strike          Conj/Tloc      0%         3d8       100%        2
 Frozen Ramparts          Ice            0%         1d1       100%        3
 Hailstorm                Conj/Ice       0%         3d3       100%        3
 Ozocubu's Armour         Ice            0%         N/A       100%        3
 Silence                  Hex/Air        0%         N/A       100%        5
 Simulacrum               Ice/Necr       0%         N/A       100%        6
 Ozocubu's Refrigeration  Ice            0%         4d7       100%        7
 Storm Form               Tmut/Air       0%         N/A       100%        7


Dungeon Overview and Level Annotations

Branches:
Dungeon (7/15)             Temple (0/1) D:5          Bailey (1/1)

Altars:
Ashenzari
Elyvilon
Ru
Sif Muna
Wu Jian
Xom
Zin

Shops:
D:5 =

Annotations:
D:3 3 runed translucent doors, kiwi3s's ghost, amateur MiBe


Innate Abilities, Weirdness & Mutations

You have a pair of horns on your head.
You reflexively headbutt those who attack you in melee.
You are mostly covered in iridescent scales. (AC +4)
Your mind is acute. (Int +4, Str/Dex -1)
You are highly strong-willed. (Will++)
Your muscles are strong. (Str +4, Int/Dex -1)
You expend magic power (3 MP) to strengthen your wands.


Message History

The orange demon stings you but does no damage.
You barely miss the hellwing.
The hellwing is heavily wounded.
Careful!
You are starting to lose your buoyancy.
Unknown command.
You slash the hellwing!
The hellwing is severely wounded.
You block the hellwing's attack. The hellwing barely misses you.
The orange demon stings you but does no damage.
You closely miss the hellwing.
You headbutt the hellwing, but do no damage.
The hellwing is severely wounded.
You block the hellwing's attack. The hellwing hits you.
* * * LOW HITPOINT WARNING * * *
The orange demon stings you but does no damage.
You completely miss the hellwing.
You headbutt the hellwing, but do no damage.
The hellwing is severely wounded.
The hellwing hits you but does no damage.
The hellwing hits you.
* * * LOW HITPOINT WARNING * * *
The orange demon closely misses you.
You hit the hellwing but do no damage.
You headbutt the hellwing, but do no damage.
The hellwing is severely wounded.
The hellwing hits you!
* * * LOW HITPOINT WARNING * * *
You block the hellwing's attack. The orange demon stings you from afar.
* * * LOW HITPOINT WARNING * * *
You are lethally poisoned!
The orange demon poisons you!
Okay, then.
Okay, then.
Okay, then.
Okay, then.
Okay, then.
The hellwing attacks as you move away! You block the hellwing's attack.
The hellwing hits you.
You die... "Huh?
Did I miss anything?"

.....⌠.)..#.o#
#.......###o.# ...
###.....#.'.o####'##
##......###..)go.... .# #.
≈≈≈≈≈.....#..####'#### .#..≈
≈≈≈≈≈≈÷≈.o####.......####≈≈≈
#....÷≈≈≈≈≈≈∩#...[...#∩≈≈≈≈≈
##.......≈≈≈≈#########≈≈≈≈#
##....)).≈≈≈≈≈≈@4≈≈≈≈≈≈#
###...).().≈≈≈≈≈≈≈≈≈###
####..÷))..434...##
####..)......## ###......∩##
####.....## ####...##
##...### ##.....##


You could see an orange demon (summoned), a hellwing (summoned), a sixfirhy
(summoned) and a chaos spawn (summoned).

Vanquished Creatures
  Pikel (D:6)
  An orc knight (Bailey)
  A steam dragon (D:7)
  2 water moccasins
  6 orc warriors
  An ice beast (D:6)
  2 black bears (D:6)
  An ogre (D:4)
  A centaur (D:5)
  A lemure (D:6)
  2 phantoms (D:5)
  3 bullfrogs
  3 scorpions (D:4)
  4 wights (D:7)
  A howler monkey (D:6)
  5 hounds
  2 jellies
  Crazy Yiuf (D:3)
  7 orc priests
  A sleepcap (D:7)
  3 iguanas
  Natasha (thrice) (D:3)
  3 orc wizards
  9 gnolls
  5 adders
  A white imp (D:5)
  2 worms (D:2)
  4 dart slugs
  16 orcs
  3 endoplasms
  3 giant cockroaches
  14 goblins
  6 hobgoblins
  4 jackals
  21 kobolds
  4 quokkas
  13 ball pythons
  6 bats
  A frilled lizard (D:2)
  8 rats
  A butterfly (D:5)
176 creatures vanquished.

Notes
Turn   | Place    | Note
-------+----------+-------------------------------------------
     0 | D:1      | xian the Minotaur Gladiator began the quest for the Orb.
     0 | D:1      | Reached XP level 1. HP: 18/18 MP: 0/0
   143 | D:1      | Reached skill level 4 in Axes
   143 | D:1      | Reached XP level 2. HP: 12/25 MP: 1/1
   531 | D:1      | Reached skill level 1 in Armour
   557 | D:1      | Reached XP level 3. HP: 23/30 MP: 2/2
  1651 | D:2      | Found a white marble altar of Elyvilon.
  1988 | D:3      | Reached XP level 4. HP: 29/37 MP: 3/3
  2119 | D:3      | Reached skill level 5 in Axes
  2119 | D:3      | Reached XP level 5. HP: 26/45 MP: 4/4
  2245 | D:3      | Found a runed translucent gate.
  2245 | D:3      | Found a runed translucent gate.
  2245 | D:3      | Found a runed translucent gate.
  2245 | D:3      | Noticed kiwi3s's ghost (amateur MiBe)
  2301 | D:3      | Found a faded altar of an unknown god.
  2318 | D:3      | Prayed at the altar of an unknown god.
  2318 | D:3      | Became a worshipper of Sif Muna the Loreminder
  2318 | D:3      | Reached * piety under Sif Muna
  2388 | D:3      | Noticed Natasha
  2391 | D:3      | Killed Natasha
  2459 | D:3      | Found a faded altar of an unknown god.
  2463 | D:3      | Noticed Natasha
  2467 | D:3      | Killed Natasha
  2468 | D:3      | Reached skill level 6 in Axes
  2608 | D:3      | Found a runed translucent door.
  2609 | D:3      | Noticed Crazy Yiuf
  2617 | D:3      | Killed Crazy Yiuf
  2618 | D:3      | Reached XP level 6. HP: 28/51 MP: 5/5
  2761 | D:3      | Found a broken altar of Ashenzari.
  2767 | D:3      | Prayed at the altar of an unknown god.
  2767 | D:3      | Fell from the grace of Sif Muna
  2767 | D:3      | Became a worshipper of Xom of Chaos
  2779 | D:3      | Noticed Natasha
  2789 | D:3      | Killed Natasha
  2878 | D:3      | Found a glowing silver altar of Zin.
  2879 | D:3      | Noticed an angel
  3104 | D:4      | Found an ornate altar of the Wu Jian Council.
  3435 | D:4      | XOM: silly message
  3440 | D:4      | Reached XP level 7. HP: 53/58 MP: 6/6
  3440 | D:4      | XOM: noise
  3444 | D:4      | Reached skill level 7 in Axes
  3450 | D:4      | XOM: polymorph orc -> hobgoblin
  3451 | D:4      | XOM: summons 4 hostile demons
  3723 | D:4      | XOM: 1-stop teleportation journey
  3782 | D:4      | XOM: give mutations
  3782 | D:4      | Gained mutation: You are partially covered in iridescent
                  | scales. (AC +2) [Xom's grace]
  3782 | D:4      | Gained mutation: Your flesh is cold resistant. (rC+) [Xom's
                  | grace]
  3782 | D:4      | Gained mutation: You are strong-willed. (Will+) [Xom's
                  | grace]
  3892 | D:5      | Entered Level 5 of the Dungeon
  3946 | D:5      | Found a sacrificial altar of Ru.
  3982 | D:5      | Identified the +2 robe "Ivuet" {-Tele rElec Str+2}
  4292 | D:5      | Reached skill level 5 in Armour
  4350 | D:5      | Found a staircase to the Ecumenical Temple.
  4363 | D:5      | XOM: polymorph ogre -> centaur
  4365 | D:5      | Reached skill level 8 in Axes
  4365 | D:5      | Reached skill level 5 in Dodging
  4519 | D:5      | Found Pilosid's Jewellery Shop.
  4571 | D:5      | XOM: scenery: create altars
  4581 | D:5      | Reached skill level 1 in Stealth
  4581 | D:5      | Reached XP level 8. HP: 59/67 MP: 7/7
  4595 | D:5      | XOM: god gift: 23 gold pieces
  4602 | D:5      | Got the Directory of the Lungs and Firn
  4827 | D:6      | XOM: summons 2 friendly demons
  4900 | D:6      | Reached skill level 5 in Fighting
  4992 | D:6      | XOM: polymorph orc wizard -> adder
  5002 | D:6      | Reached skill level 9 in Axes
  5085 | D:6      | XOM: cast spell 'Disjunction'
  5087 | D:6      | XOM: give mutations
  5087 | D:6      | Gained mutation: Your flesh is very cold resistant. (rC++)
                  | [Xom's grace]
  5087 | D:6      | Gained mutation: Your muscles are strong. (Str +4, Int/Dex
                  | -1) [Xom's grace]
  5087 | D:6      | Gained mutation: You are mostly covered in iridescent
                  | scales. (AC +4) [Xom's grace]
  5087 | D:6      | Gained mutation: You expend magic power (3 MP) to
                  | strengthen your wands. [Xom's grace]
  5471 | D:6      | Noticed Pikel
  5478 | D:6      | XOM: scenery: create altars
  5482 | D:6      | Killed Pikel
  5483 | D:6      | Reached skill level 10 in Axes
  5483 | D:6      | Reached skill level 1 in Shields
  5483 | D:6      | Reached XP level 9. HP: 75/75 MP: 8/8
  5501 | D:6      | XOM: cloud trail
  5610 | D:6      | XOM: give mutation
  5610 | D:6      | Gained mutation: You are agile. (Dex +4, Str/Int -1) [Xom's
                  | grace]
  5624 | D:6      | XOM: silly message
  5740 | D:7      | XOM: cast spell 'Summon Small Mammal'
  5943 | D:7      | Reached skill level 11 in Axes
  5978 | D:7      | XOM: enchant monster (bad)
  6113 | D:7      | Found a shimmering blue altar of Sif Muna.
  6202 | D:7      | Found a flagged portal.
  6211 | Bailey   | Entered a bailey
  6336 | Bailey   | Noticed an orc knight
  6394 | Bailey   | XOM: summons 3 hostile shadow creatures
  6442 | Bailey   | XOM: chaos cloud
  6464 | Bailey   | XOM: noise
  6466 | Bailey   | Lost mutation: You are agile. (Dex +4, Str/Int -1) [potion
                  | of mutation]
  6466 | Bailey   | Lost mutation: Your muscles are strong. (Str +4, Int/Dex
                  | -1) [potion of mutation]
  6466 | Bailey   | Lost mutation: Your flesh is very cold resistant. (rC++)
                  | [potion of mutation]
  6466 | Bailey   | Gained mutation: Your mind is acute. (Int +4, Str/Dex -1)
                  | [potion of mutation]
  6466 | Bailey   | Lost mutation: Your flesh is cold resistant. (rC+) [potion
                  | of mutation]
  6466 | Bailey   | Gained mutation: Your muscles are strong. (Str +4, Int/Dex
                  | -1) [potion of mutation]
  6466 | Bailey   | Gained mutation: You are highly strong-willed. (Will++)
                  | [potion of mutation]
  6469 | Bailey   | XOM: silly message
  6473 | Bailey   | XOM: repel stairs
  6477 | Bailey   | Killed an orc knight
  6480 | Bailey   | Reached XP level 10. HP: 66/88 MP: 9/9
  6482 | Bailey   | XOM: summons 6 hostile demons
  6483 | Bailey   | Noticed a sixfirhy
  6483 | Bailey   | Noticed an orange demon
  6506 | Bailey   | HP: 3/88 [orange demon[Xom] (6)]
  6507 | Bailey   | Slain by a hellwing

Illustrated notes

Levels and vault maps discovered:
D:1:      wheals_arrival_linesprint, layout_loops_corners, st_stairs_14,
          minivault_24, dreamdust_mushroom_princess
D:2:      layout_basic, basic_altar
D:3:      layout_basic, nicolae_overflow_ecumenical_swirl, zin_angel,
          hellmonk_ecumenical_altar_pennies_from_heaven,
          gammafunk_ghost_necromancy, uniq_crazy_yiuf_cottage, uniq_natasha
D:4:      minmay_skewed_foursquare, layout_basic, nzn_wu_jian_contemplation
D:5:      layout_basic, nicolae_ru_the_path_less_chosen,
          minmay_temple_entry_butterflies, serial_shops, shop
D:6:      layout_loops_ring, uniq_pikel
D:7:      layout_basic, grunt_temple_overflow_magic_moments, enter_bailey_7
Bailey:   bailey_axe_4, bailey

Skill      XL: |  1  2  3  4  5  6  7  8  9 |
---------------+----------------------------+-----
Axes           | 4 5 6 8 10 11 | 11.9
Armour         | 1 2 4 5 6 7 |  7.2
Fighting       | 3 4 6 7 |  7.8
Dodging        | 4 5 |  5.9
Stealth        | 1 |  1.2
Throwing       | 3 4 |  4.0
Shields        | 1 2 |  2.3

Action                     |  1- 3 |  4- 6 |  7- 9 | 10-12 || total
---------------------------+-------+-------+-------+-------++-------
  Melee: War axe           |    81 |    66 |   229 |    15 ||   391
         Headbutt          |     6 |    11 |    46 |     3 ||    66
         Punch             |     1 |     1 |     3 |       ||     5
  Throw: Javelin           |     1 |     1 |       |       ||     2
         Stone             |       |    16 |    76 |       ||    92
    Use: Scroll            |     7 |       |    10 |       ||    17
         Potion            |       |       |     7 |     2 ||     9
   Stab: Sleeping          |     1 |       |       |       ||     1
 Armour: Leather armour    |    22 |       |       |       ||    22
         Ring mail         |     8 |    23 |    44 |       ||    75
         Plate armour      |       |       |    70 |    30 ||   100
  Dodge: Dodged            |    73 |    34 |   152 |    12 ||   271
  Block: Other             |       |       |    46 |    13 ||    59
         Reflection        |       |       |    14 |       ||    14

Table legend: (Time is in decaauts)
 A = Elapsed time spent in this place.
 B = Non-inter-level travel time spent in this place.
 C = Inter-level travel time spent in this place.
 D = Time resting spent in this place.
 E = Time spent auto-exploring this place.
 F = Levels seen in this place.
 G = Mean time per level.
                   A        B        C        D        E       F      G
               +--------+--------+--------+--------+--------+-----+--------+
         Total |   6566 |   6413 |    153 |      3 |   4124 |   8 |  820.8 |
       Dungeon |   6271 |   6118 |    153 |      0 |   4068 |   7 |  895.9 |
        Bailey |    294 |    294 |      0 |      3 |     55 |   1 |  294.0 |
               +--------+--------+--------+--------+--------+-----+--------+

Top non-repeatable levels by time:
     D:1: 1326 daAuts
     D:4: 991 daAuts
     D:3: 946 daAuts
     D:6: 880 daAuts
     D:5: 859 daAuts
     D:2: 680 daAuts
     D:7: 585 daAuts
  Bailey: 294 daAuts
